 Dungeon Sprint DCSS version 0.28.0-43-g3370ac3207 (webtiles) character file.

Game seed: 10988450160590298476

1152 smarlow the Unseen (level 8, -1/44 HPs)
             Began as a Spriggan Enchanter on Mar 15, 2022.
             Was an Initiate of Dithmenos.
             Slain by a deep troll (18 damage)
             ... in the Dungeon (Sprint I: "Red Sonja").
             The game lasted 00:02:20 (539 turns).

smarlow the Unseen (Spriggan Enchanter)              Turns: 539, Time: 00:02:21

Health: -1/44      AC:  4    Str:  4    XL:     8   Next: 16%
Magic:  14/22      EV: 17    Int: 17    God:    Dithmenos [......]
Gold:   513        SH:  0    Dex: 17    Spells: 23/25 levels left

rFire   . . .      SeeInvis +   m - +0 short sword (venom)
rCold   . . .      Faith    .   (no shield)
rNeg    . . .      Spirit   .   j - +2 robe {Will+}
rPois   .          Reflect  .   (helmet restricted)
rElec   .          Harm     .   (no cloak)
rCorr   .          Rampage  .   (gloves unavailable)
Will    ++...      NoTele   +   (boots unavailable)
Stlth   ++++++....              (no amulet)
HPRegen 0.14/turn               (no ring)
MPRegen 0.18/turn               (no ring)

@: very slightly contaminated, very quick
A: very small, no large weapons, unfitting armour, see invisible, speed 3
a: Renounce Religion


You were in the Dungeon.
You worshipped Dithmenos.
Dithmenos was noncommittal.
You visited 1 branch You collected 513 gold pieces.

Inventory:

Hand Weapons
 a - a +1 dagger
 m - a +0 short sword of venom (weapon)
Armour
 b - a +0 robe
 j - a +2 robe of willpower (worn)
Wands
 h - a wand of acid (14)
Scrolls
 i - a scroll of blinking
 l - a scroll of magic mapping {unknown}
Potions
 c - a potion of invisibility
 d - a potion of curing
 e - a potion of heal wounds
 f - a potion of haste
 g - 2 potions of magic
 k - a potion of mutation {unknown}


   Skills:
 + Level 6.0 Fighting
 + Level 8.1 Short Blades
 - Level 2.6 Dodging
 * Level 16.3 Stealth
 + Level 9.3 Spellcasting
 + Level 9.6 Hexes


You had 23 spell levels left.
You knew the following spells:

 Your Spells              Type           Power      Damage    Failure   Level
a - Ensorcelled Hibernat  Hex/Ice        48%        N/A       1%          2

Your spell library contained the following spells:

 Spells                   Type           Power      Damage    Failure   Level
 Confusing Touch          Hex            40%        N/A       1%          3
 Tukima's Dance           Hex            40%        N/A       1%          3
 Cause Fear               Hex            20%        N/A       1%          4
 Dazzling Flash           Conj/Hex       48%        N/A       3%          3
 Dragon Form              Tmut           3%         N/A       100%        7
 Dragon's Call            Summ           3%         N/A       100%        9


Dungeon Overview and Level Annotations

Branches:
Dungeon (1/1)

Altars:
Cheibriados
Dithmenos
Elyvilon
Fedhas
Gozag
Hepliaklqana
Kikubaaqudgha
Makhleb
Nemelex Xobeh
Okawaru
Qazlal
Ru
Sif Muna
Trog
Uskayaw
Vehumet
Wu Jian
Xom
Yredelemnul
Zin
The Shining One
Jiyva
Lugonu

Shops:
D !


Innate Abilities, Weirdness & Mutations

You are very small and have problems with some larger weapons.
You are too small for most types of armour.
You have supernaturally acute eyesight. (SInv)
You cover ground extremely quickly. (Speed+++)


Message History

The deep troll claws you!
There is an open door here.
Casting: Ensorcelled Hibernation (safe; 1% risk of failure)
Confirm with . or Enter, or press ? or * to list all spells.
Aiming: Ensorcelled Hibernation (safe; 1% risk of failure)
Press: ? - help, Shift-Dir - straight line, f - deep troll
Aim: a deep troll (lightly wounded, very poisoned, chance to affect: 37%)
The deep troll easily resists.
There is an open door here.
Casting: Ensorcelled Hibernation (safe; 1% risk of failure)
Confirm with . or Enter, or press ? or * to list all spells.
Aiming: Ensorcelled Hibernation (safe; 1% risk of failure)
Press: ? - help, Shift-Dir - straight line, f/p - deep troll
Aim: a deep troll (lightly wounded, poisoned, chance to affect: 37%)
The deep troll easily resists.
Casting: Ensorcelled Hibernation (safe; 1% risk of failure)
Confirm with . or Enter, or press ? or * to list all spells.
Aiming: Ensorcelled Hibernation (safe; 1% risk of failure)
Press: ? - help, Shift-Dir - straight line, f/p - deep troll
Aim: a deep troll (lightly wounded, poisoned, chance to affect: 37%)
The deep troll easily resists.
There is an open door here.
Casting: Ensorcelled Hibernation (safe; 1% risk of failure)
Confirm with . or Enter, or press ? or * to list all spells.
Aiming: Ensorcelled Hibernation (safe; 1% risk of failure)
Press: ? - help, Shift-Dir - straight line, f/p - deep troll
Aim: a deep troll (lightly wounded, poisoned, chance to affect: 37%)
The deep troll easily resists.
Casting: Ensorcelled Hibernation (safe; 1% risk of failure)
Confirm with . or Enter, or press ? or * to list all spells.
Aiming: Ensorcelled Hibernation (safe; 1% risk of failure)
Press: ? - help, Shift-Dir - straight line, f/p - deep troll
Aim: a deep troll (lightly wounded, poisoned, chance to affect: 37%)
You miscast Ensorcelled Hibernation.
You are very lightly contaminated with residual magic.
Nothing appears to happen.
The deep troll misses you.
The deep troll claws you but does no damage.
The deep troll claws you!!
You die...

######################
#<.#.)'..#.)@..#__#..+
#..'..#.)'..#T.'..'..#
#..#####'#####'#__####
#..####..#...#.####
#..#__####..##.#
#..#_____##'#_.+
#⌠⌠#_.∩...'..._#
####_..__##_.#'#
#_____###'#.#


You could see a deep troll (poisoned).

Vanquished Creatures
  Sonja (D)
  A slime creature (D)
  Sigmund (D)
  A yak (D)
  An ogre (D)
  A jelly (D)
  Ijyb (D)
7 creatures vanquished.

Notes
Turn   | Place    | Note
-------+----------+-------------------------------------------
     0 | D        | smarlow the Spriggan Enchanter began the quest for the Orb.
     0 | D        | Reached XP level 1. HP: 9/9 MP: 5/5
     1 | D        | Noticed Ijyb
     7 | D        | Killed Ijyb
     8 | D        | Reached skill level 1 in Fighting
     8 | D        | Reached skill level 6 in Stealth
     8 | D        | Reached XP level 2. HP: 5/14 MP: 5/7
   251 | D        | Learned a level 2 spell: Ensorcelled Hibernation
   251 | D        | Noticed an ogre
   254 | D        | Killed an ogre
   255 | D        | Reached skill level 9 in Stealth
   255 | D        | Reached skill level 5 in Spellcasting
   255 | D        | Reached skill level 5 in Hexes
   255 | D        | Reached XP level 3. HP: 19/19 MP: 7/10
   255 | D        | Reached XP level 4. HP: 23/23 MP: 8/12
   290 | D        | Noticed Sigmund
   293 | D        | Killed Sigmund
   294 | D        | Reached skill level 5 in Short Blades
   294 | D        | Reached skill level 12 in Stealth
   294 | D        | Reached XP level 5. HP: 29/29 MP: 13/15
   294 | D        | Reached XP level 6. HP: 33/33 MP: 13/16
   325 | D        | Found an ornate altar of the Wu Jian Council.
   325 | D        | Found a shimmering blue altar of Sif Muna.
   327 | D        | Found a radiant altar of Vehumet.
   333 | D        | Found Buzxyxurag's Distillery.
   333 | D        | Found an ancient bone altar of Kikubaaqudgha.
   333 | D        | Found a hazy altar of Hepliaklqana.
   333 | D        | Found a stormy altar of Qazlal.
   333 | D        | Found a hide-covered altar of Uskayaw.
   333 | D        | Found a blossoming altar of Fedhas.
   333 | D        | Found a bloodstained altar of Trog.
   333 | D        | Found an iron altar of Okawaru.
   333 | D        | Found a basalt altar of Yredelemnul.
   333 | D        | Found a glowing golden altar of the Shining One.
   333 | D        | Found a snail-covered altar of Cheibriados.
   333 | D        | Found a sacrificial altar of Ru.
   333 | D        | Found a glowing silver altar of Zin.
   333 | D        | Found a shadowy altar of Dithmenos.
   333 | D        | Found a white marble altar of Elyvilon.
   333 | D        | Noticed a yak
   334 | D        | Found an opulent altar of Gozag.
   335 | D        | Killed a yak
   336 | D        | Reached skill level 13 in Stealth
   336 | D        | Found a sparkling altar of Nemelex Xobeh.
   342 | D        | Became a worshipper of Dithmenos the Shadowed
   377 | D        | Found a burning altar of Makhleb.
   377 | D        | Found a viscous altar of Jiyva.
   377 | D        | Found a shimmering altar of Xom.
   377 | D        | Found a corrupted altar of Lugonu.
   377 | D        | Noticed a slime creature
   393 | D        | Killed a slime creature
   394 | D        | Reached skill level 5 in Fighting
   394 | D        | Reached skill level 14 in Stealth
   394 | D        | Reached XP level 7. HP: 39/39 MP: 8/19
   501 | D        | Noticed Sonja
   505 | D        | Killed Sonja
   506 | D        | Reached skill level 16 in Stealth
   506 | D        | Reached XP level 8. HP: 44/44 MP: 20/22
   518 | D        | Noticed a deep troll
   539 | D        | Slain by a deep troll

Illustrated notes

Levels and vault maps discovered:
D:        dungeon_sprint_1 [red_sonja_temple_1, red_sonja_temple_small_1]

Skill      XL: |  1  2  3  4  5  6  7 |
---------------+----------------------+-----
Fighting       | 1 2 3 5 6 |  6.0
Short Blades   | 2 4 5 7 8 |  8.1
Stealth        | 6 9 12 14 16 | 16.3
Spellcasting   | 3 5 6 8 9 |  9.3
Hexes          | 4 5 7 8 9 |  9.6
Dodging        | |  2.6

Action                   |  1- 3 |  4- 6 |  7- 9 || total
-------------------------+-------+-------+-------++-------
Melee: Dagger            |     4 |     4 |     1 ||     9
       Short sword       |       |       |     1 ||     1
 Cast: Ensorcelled Hiber |       |     4 |     4 ||     8
  Use: Potion            |     1 |       |       ||     1
 Stab: Sleeping          |     2 |     4 |     1 ||     7
Armor: Robe              |       |       |     1 ||     1
Dodge: Dodged            |       |       |     2 ||     2
